 Dungeon Crawl Stone Soup version 0.23.2-1-ga50397a (webtiles) character file.

Game seed: 12960701868352908938

93 Lickle the Skirmisher (level 4, -1/29 HPs)
             Began as a Kobold Abyssal Knight on Apr 29, 2019.
             Was a Believer of Lugonu.
             Killed by divine providence
             ... invoked by an orc priest
              (13 damage)
             ... on level 3 of the Dungeon.
             The game lasted 00:08:29 (1909 turns).

Lickle the Skirmisher (Kobold Abyssal Knight)       Turns: 1909, Time: 00:08:31

Health: -1/29      AC:  8    Str: 14    XL:     4   Next: 91%
Magic:  5/5        EV: 17    Int: 15    God:    Lugonu [**....]
Gold:   113        SH:  0    Dex: 15    Spells: 3/3 levels left

rFire    . . .     SeeInvis .   a - +1 short sword
rCold    . . .     Gourm    .   (shield restricted)
rNeg     + . .     Faith    .   m - +0 ring mail
rPois    .         Spirit   .   k - +0 helmet
rElec    .         Reflect  .   (no cloak)
rCorr    .         Harm     .   h - +0 pair of gloves
MR       .....                  b - +0 pair of boots
Stlth    ++........             (no amulet)
HPRegen  0.00/turn              j - +3 ring of evasion
MPRegen  0.09/turn              i - ring of positive energy

@: mighty
A: small, talons 1, carnivore, clever 1, inhibited regeneration
a: Depart the Abyss, Bend Space, Renounce Religion


You were on level 3 of the Dungeon.
You worshipped Lugonu.
Lugonu was pleased with you.
You were very hungry.

You visited 1 branch of the dungeon, and saw 3 of its levels.
You visited the Abyss 1 time.

You collected 113 gold pieces.

Inventory:

Hand Weapons
 a - a +1 short sword (weapon)
Armour
 b - a +0 pair of boots (worn)
 h - a +0 pair of gloves (worn)
 k - a +0 helmet (worn)
 m - a +0 ring mail (worn)
Jewellery
 i - a ring of positive energy (right hand)
 j - a +3 ring of evasion (left hand)
Scrolls
 d - 2 scrolls of identify
 e - 3 scrolls of teleportation
 f - 4 scrolls of remove curse
Comestibles
 c - 3 rations


   Skills:
 * Level 3.9 Fighting
 * Level 3.6 Short Blades
 + Level 1.2 Armour
 * Level 3.3 Dodging
 * Level 2.4 Stealth
 + Level 2.3 Invocations


You had 3 spell levels left.
You didn't know any spells.
Your spell library was empty.

Dungeon Overview and Level Annotations

Branches:
Dungeon (3/15)

Altars:


Innate Abilities, Weirdness & Mutations

You are small and have problems with some larger weapons.
You are carnivorous and can eat meat at any time.
You have sharp toenails.
Your mind is acute. (Int +2)
You do not regenerate when monsters are visible.


Message History

You are too injured to fight recklessly!
You are too injured to fight recklessly!
You feel very mighty all of a sudden. The orc hits you but does no damage.
You don't have any unidentified items.
Unknown command.
You closely miss the orc.
The orc is moderately wounded.
You puncture the orc!
You kill the orc!
Lugonu accepts your kill.
You closely miss the orc. The orc barely misses you.
You puncture the orc!
You kill the orc!
Lugonu accepts your kill.
You hit the orc priest.
The orc priest is moderately wounded.
The orc priest calls down the wrath of Beogh upon you.
Beogh smites you!
You die...

(. <# 8...8 #...##
..####.## ##>##
#..... ###
.#.....#########...#.
.... .......
.........#. #..#....#
#........##
.##.......#
#.##.##.## o.o.o..wo#
##....##.# .w..####o#
#......#.# .
####@#####.♣♣.....###
#...........♣♣♣P.....
#...<......♣♣ ♣P.####
#.......#P...♣♣♣.#
#..$....#..P♣P..##
#.......##...P.##
#.......##...###
#.......#.....#
##########..<##


You could see a worm, an orc priest and an orc.

Vanquished Creatures
  4 adders
  4 dart slugs
  A worm (D:2)
  A leopard gecko (D:3)
  3 orcs (D:3)
  A ball python (D:1)
  2 giant cockroaches
  4 goblins
  4 hobgoblins
  4 jackals (D:2)
  5 kobolds
  3 bats
  A frilled lizard (D:1)
  3 rats
40 creatures vanquished.

Notes
Turn   | Place    | Note
-------+----------+-------------------------------------------
     0 | Abyss:1  | Lickle the Kobold Abyssal Knight began the quest for the
                  | Orb.
     0 | Abyss:1  | Reached XP level 1. HP: 14/14 MP: 2/2
     3 | Abyss:1  | Found a corrupted altar of Lugonu.
    59 | Abyss:1  | Noticed a ynoxinul
    92 | D:1      | Escaped the Abyss
   653 | D:1      | Reached * piety under Lugonu
   762 | D:1      | Reached skill level 1 in Stealth
   762 | D:1      | Reached XP level 2. HP: 19/19 MP: 3/3
  1131 | D:2      | Reached XP level 3. HP: 23/23 MP: 4/4
  1138 | D:2      | Reached skill level 1 in Armour
  1335 | D:2      | Reached XP level 4. HP: 27/29 MP: 5/5
  1790 | D:2      | Gained mutation: You are agile. (Dex +2) [potion of
                  | mutation]
  1790 | D:2      | Gained mutation: You are dopey. (Int -2) [potion of
                  | mutation]
  1790 | D:2      | Gained mutation: You have sharp toenails. [potion of
                  | mutation]
  1791 | D:2      | Lost mutation: You are dopey. (Int -2) [potion of mutation]
  1791 | D:2      | Lost mutation: You are agile. (Dex +2) [potion of mutation]
  1791 | D:2      | Lost mutation: You have sharp toenails. [potion of
                  | mutation]
  1791 | D:2      | Gained mutation: You have sharp toenails. [potion of
                  | mutation]
  1791 | D:2      | Gained mutation: You do not regenerate when monsters are
                  | visible. [potion of mutation]
  1791 | D:2      | Gained mutation: Your mind is acute. (Int +2) [potion of
                  | mutation]
  1862 | D:3      | Reached ** piety under Lugonu
  1909 | D:3      | Killed from afar by an orc priest

Skill      XL: |  1  2  3  4 |
---------------+-------------+-----
Stealth        | 1 2 |  2.4
Short Blades   | 3 |  3.6
Armour         | 1 |  1.2
Dodging        | 3 |  3.3
Fighting       | |  3.9
Invocations    | |  2.3

Action                   |  1- 3 |  4- 6 || total
-------------------------+-------+-------++-------
Melee: Short sword       |   106 |    67 ||   173
       Kick              |       |     2 ||     2
Invok: Depart the Abyss  |     1 |       ||     1
  Use: Scroll            |     5 |     2 ||     7
       Potion            |     1 |     3 ||     4
 Stab: Sleeping          |     4 |       ||     4
  Eat: Chunk             |     1 |     1 ||     2
Armor: Leather armour    |    15 |     4 ||    19
       Ring mail         |       |     4 ||     4
Dodge: Dodged            |    78 |    45 ||   123
